 Dungeon Crawl Stone Soup version 0.29.0-4-gdea44cf6ec (webtiles) character file.

Game seed: 3259649504456977235

471 qw the Chopper (level 7, -3/43 HPs)
             Began as a Gargoyle Fighter on Sept 8, 2022.
             Slain by Joseph
             ... wielding a +0 quarterstaff
              (12 damage)
             ... on level 7 of the Dungeon.
             The game lasted 00:01:50 (4179 turns).

qw the Chopper (Gargoyle Fighter)                   Turns: 4179, Time: 00:01:51

Health: -3/43      AC: 16    Str: 22    XL:     7   Next: 9%
Magic:  0/7        EV:  8    Int:  8    God:
Gold:   260        SH:  5    Dex: 15    Spells: 6/6 levels left

rFire   . . .      SeeInvis +   Y - +1 war axe (chaos)
rCold   . . .      Faith    .   c - +0 buckler
rNeg    + . .      Spirit   +   o - +0 chain mail
rPois   inf        Reflect  .   b - +0 helmet
rElec   +          Harm     .   (no cloak)
rCorr   .          Rampage  .   m - +0 pair of gloves
Will    .....                   (no boots)
Stlth   ..........              i - amulet of guardian spirit
HPRegen 0.14/turn               j - +6 ring of dexterity
MPRegen 0.10/turn               a - ring of see invisible

@: no status effects
A: sickness immunity, AC +4, negative energy resistance 1, electricity
resistance, torment resistance 1, petrification resistance
a: no special abilities


You were on level 7 of the Dungeon.
You visited 1 branch of the dungeon, and saw 6 of its levels.

You collected 260 gold pieces.


Innate Abilities, Weirdness & Mutations

You are immune to sickness and miasma.
Your stone body is resilient. (AC +4)
You are immune to poison.
You resist negative energy. (rN+)
You are resistant to electric shocks. (rElec)
You are resistant to unholy torment.
You are immune to petrification.


   Skills:
 - Level 4.0 Fighting
 + Level 6.2 Axes
 - Level 3.2 Armour
 - Level 1.2 Dodging
 - Level 3.2 Shields


You had 6 spell levels left.
You didn't know any spells.
Your spell library was empty.

Inventory:

Hand Weapons
 x - a +0 morningstar
 Y - a +1 war axe of chaos (weapon)
Missiles
 l - 3 boomerangs (quivered)
Armour
 b - a +0 helmet (worn)
 c - a +0 buckler (worn)
 m - a +0 pair of gloves (worn)
 o - a +0 chain mail (worn)
Jewellery
 a - a ring of see invisible (right hand)
 i - an amulet of guardian spirit (around neck)
 j - a +6 ring of dexterity (left hand)
 n - an amulet of regeneration
 q - a ring of ice
Potions
 d - a potion of might
 e - a potion of flight {unknown}
 f - a potion of lignification
 g - a potion of attraction
 h - a potion of curing {unknown}
 k - a potion of mutation {unknown}

Dungeon Overview and Level Annotations

Branches:
Dungeon (5/15)
 Temple: D:4-7

Altars:
Trog
Zin

Shops:
D:1 :

Annotations:
D:3 2 transporters, 1 runed translucent door, Crazy Yiuf
D:7 Joseph


Message History

The water moccasin barely misses you. You block the water moccasin's attack.
You hit the water moccasin.
The water moccasin is almost dead.
You block the water moccasin's attack. x2
Joseph hits you with a +0 quarterstaff.
You miss the water moccasin.
The water moccasin is almost dead.
You slash Joseph! You burn Joseph. The water moccasin barely misses you.
Joseph hits you with a +0 quarterstaff! The water moccasin barely misses you.
You slash the water moccasin!
You kill the water moccasin!
You slash Joseph! You freeze Joseph. Joseph hits you with a +0 quarterstaff!
Your Axes skill increases to level 6!
You have reached level 7!
You closely miss Joseph.
Joseph is moderately wounded.
You barely miss the orc. Joseph hits you with a +0 quarterstaff!
You block the orc's attack. x2
Joseph barely misses you.
You barely miss Joseph.
Joseph is moderately wounded.
You hit the orc. The orc closely misses you.
Joseph hits you but does no damage.
You closely miss the orc.
The orc is heavily wounded.
You barely miss Joseph. The orc hits you but does no damage.
You block Joseph's attack.
You slash the orc!
You kill the orc!
You closely miss Joseph.
An orc comes into view. It is wielding a +0 club.
Joseph hits you but does no damage.
The orc shouts!
You slash Joseph! You burn Joseph.
Joseph is heavily wounded.
Joseph hits you with a +0 quarterstaff.
An orc comes into view. It is wielding a +0 dagger.
Joseph hits you with a +0 quarterstaff!
You die...

.#.#.. o .../.#o
....#$ .....
...# #..# #)@#
.#..##@.#####.#
...............#
.....##..#######
###. #..# # #..#
#..# #..# #..#
...#


You could see Joseph and 2 orcs.

Vanquished Creatures
  A water moccasin (D:7)
  A black bear (D:4)
  A howler monkey (D:4)
  A hound (D:4)
  2 iguanas (D:4)
  Robin (D:3)
  7 adders
  A worm (D:2)
  3 dart slugs
  4 orcs
  7 ball pythons
  10 endoplasms
  3 giant cockroaches
  12 goblins
  9 hobgoblins
  7 jackals
  8 quokkas
  9 bats
  2 frilled lizards
  10 kobolds
  3 rats
102 creatures vanquished.

Vanquished Creatures (others)
  41 plants
41 creatures vanquished.

Grand Total: 143 creatures vanquished

Notes
Turn   | Place    | Note
-------+----------+-------------------------------------------
     0 | D:1      | qw the Gargoyle Fighter began the quest for the Orb.
     0 | D:1      | Reached XP level 1. HP: 14/14 MP: 1/1
     0 | D:1      | 0 ||| qw: Version: 0.1-a-111-g1c1fd2e
     0 | D:1      | 0 ||| qw: Game counter: 6588
     0 | D:1      | 0 ||| qw: Always use a shield: true
     0 | D:1      | 0 ||| qw: God list: Okawaru
     0 | D:1      | 0 ||| qw: Allow faded altars: false
     0 | D:1      | 0 ||| qw: Do Orc after D:15 true
     0 | D:1      | 0 ||| qw: Do second Lair branch before Depths: true
     0 | D:1      | 0 ||| qw: Lair rune preference: random
     0 | D:1      | 0 ||| qw: Plans: Normal, Zot, God:TSO, Crypt, Tomb, Zig,
                  | Orb
     0 | D:1      | 0 ||| PLANNING D:1-11
    24 | D:1      | HP: 3/14 [constriction (1)]
    30 | D:1      | Reached skill level 2 in Axes
   414 | D:1      | Reached XP level 2. HP: 19/19 MP: 2/2
   414 | D:1      | Found Kobb's Book Boutique.
   712 | D:1      | Reached skill level 3 in Axes
   721 | D:1      | 721 ||| Stepping ~*~*~tactically~*~*~ (stealth).
   724 | D:1      | 724 ||| Stepping ~*~*~tactically~*~*~ (stealth).
   731 | D:1      | 731 ||| Stepping ~*~*~tactically~*~*~ (stealth).
   734 | D:1      | Reached XP level 3. HP: 17/23 MP: 3/3
  1179 | D:1      | 1179 ||| READING scroll labelled SENTYMA MUCISCH.
  1180 | D:1      | 1180 ||| DRINKING 2 fizzy dark potions.
  1206 | D:1      | 1206 ||| DRINKING 2 golden potions.
  1431 | D:2      | Reached XP level 4. HP: 27/28 MP: 4/4
  1435 | D:2      | Found a glowing silver altar of Zin.
  1461 | D:2      | 1461 ||| Stepping ~*~*~tactically~*~*~ (stealth).
  1464 | D:2      | 1464 ||| Stepping ~*~*~tactically~*~*~ (stealth).
  1465 | D:2      | 1465 ||| Stepping ~*~*~tactically~*~*~ (stealth).
  1467 | D:2      | 1467 ||| FLEEEEING.
  1664 | D:2      | 1664 ||| FLEEEEING.
  1665 | D:2      | 1665 ||| FLEEEEING.
  1666 | D:2      | 1666 ||| FLEEEEING.
  1676 | D:2      | 1676 ||| Stepping ~*~*~tactically~*~*~ (hiding).
  1678 | D:2      | 1678 ||| Stepping ~*~*~tactically~*~*~ (hiding).
  1688 | D:2      | Reached skill level 4 in Axes
  1983 | D:2      | Found a faded altar of an unknown god.
  2143 | D:2      | 2143 ||| UPGRADING to +0 pair of gloves.
  2148 | D:2      | 2148 ||| UPGRADING to +0 chain mail.
  2158 | D:2      | 2158 ||| DROPPING +0 scale mail.
  2159 | D:2      | 2159 ||| UPGRADING to amulet of guardian spirit.
  2164 | D:2      | 2164 ||| UPGRADING to +6 ring of dexterity.
  2165 | D:2      | 2165 ||| READING scroll labelled NORIAR SERURGH.
  2169 | D:2      | 2169 ||| READING scroll labelled KOATUA ONYMU.
  2170 | D:2      | 2170 ||| DROPPING +0 club.
  2171 | D:2      | 2171 ||| READING scroll labelled YTWUNEKLAARR.
  2274 | D:3      | 2274 ||| STAIRDANCE
  2362 | D:3      | Found a transporter.
  2364 | D:3      | Found a transporter.
  2427 | D:3      | Found a runed translucent door.
  2428 | D:3      | Noticed Crazy Yiuf
  2575 | D:3      | Noticed Robin
  2576 | D:3      | 2576 ||| Stepping ~*~*~tactically~*~*~ (hiding).
  2590 | D:3      | Reached skill level 1 in Dodging
  2590 | D:3      | Reached XP level 5. HP: 32/32 MP: 5/5
  2603 | D:3      | Killed Robin
  2661 | D:3      | 2661 ||| Stepping ~*~*~tactically~*~*~ (stealth).
  2770 | D:3      | 2770 ||| Stepping ~*~*~tactically~*~*~ (hiding).
  3063 | D:3      | 3063 ||| UPGRADING to +0 helmet.
  3068 | D:3      | 3068 ||| UPGRADING to ring of see invisible.
  3113 | D:4      | Found a bloodstained altar of Trog.
  3225 | D:4      | Noticed a black bear
  3237 | D:4      | Killed a black bear
  3238 | D:4      | Reached skill level 5 in Axes
  3238 | D:4      | Reached XP level 6. HP: 25/37 MP: 6/6
  3339 | D:4      | 3339 ||| READING scroll of brand weapon.
  3339 | D:4      | 3339 ||| BRANDING +0 war axe of flaming.
  3984 | D:4      | 3984 ||| DROPPING +0 club.
  4116 | D:4      | 4116 ||| READING scroll labelled HAENIU CEHA PAS.
  4117 | D:4      | 4117 ||| READING scroll labelled NOAPRI GAROM.
  4118 | D:4      | 4118 ||| READING scroll labelled PORERAUWOL.
  4119 | D:4      | 4119 ||| READING scroll labelled XESTUA YPPYRIKARO.
  4120 | D:4      | 4120 ||| READING scroll labelled PUQISKABOD.
  4121 | D:4      | 4121 ||| READING scroll labelled BAAVEAL VEOTAENITA.
  4163 | D:5      | Entered Level 5 of the Dungeon
  4163 | D:5      | You fall into a shaft and drop 2 floors!
  4164 | D:7      | Noticed a water moccasin
  4167 | D:7      | Noticed Joseph
  4174 | D:7      | Killed a water moccasin
  4175 | D:7      | Reached skill level 6 in Axes
  4175 | D:7      | Reached XP level 7. HP: 19/43 MP: 3/7
  4179 | D:7      | HP: 9/43 [Joseph/+0 quarterstaff (4)]
  4179 | D:7      | Slain by Joseph

Levels and vault maps discovered:
D:1:      lightli_arrival_statuegarden, layout_rooms, serial_shops, shop,
          serial_bayou, serial_bayou_pond_c, serial_bayou_shore_b,
          serial_bayou_pond_b, serial_bayou_pond_a, serial_bayou_pond_d
D:2:      wad_woods_stonehenge, layout_rooms,
          shapermc_ecumenical_altar_mp_vishouse, minmay_door_square
D:3:      layout_loops_ring, gammafunk_ghost_gnarly_gnolls, uniq_robin,
          uniq_crazy_yiuf_cottage
D:4:      layout_cave_pods, trog_three_pillars_becter
D:5:      layout_basic, lemuel_tele_altar, minmay_temple_entry_mist,
          serial_bayou, serial_bayou_pond_b, serial_bayou_crossing,
          serial_bayou_pond_e, serial_bayou_shore_a, uniq_pikel,
          uniq_blork_the_orc, uniq_sigmund
D:7:      layout_loops_ring, nemelex_xobeh_ov_fountains_minmay, uniq_joseph

Skill      XL: |  1  2  3  4  5  6 |
---------------+-------------------+-----
Axes           | 2 3 4 5 6 |  6.2
Dodging        | 1 |  1.2
Fighting       | 4 |  4.0
Armour         | |  3.2
Shields        | |  3.2

Action                   |  1- 3 |  4- 6 |  7- 9 || total
-------------------------+-------+-------+-------++-------
Melee: War axe           |   122 |   178 |     5 ||   305
Throw: Boomerang         |       |    28 |       ||    28
  Use: Potion            |     2 |       |       ||     2
       Scroll            |     1 |    10 |       ||    11
Armor: Scale mail        |    95 |    42 |       ||   137
       Chain mail        |       |    73 |     3 ||    76
Dodge: Dodged            |    61 |    81 |     2 ||   144
Block: Buckler           |    29 |    40 |     3 ||    72

Table legend:
 A = Non-vault XP
 B = Vault XP
 C = Vault XP percentage of total XP
 D = Non-vault monster count
 E = Vault monster count
 F = Vault count percentage of total count
                 A         B        C        D         E       F
            +---------+---------+-------+---------+---------+-------
      Total |     608 |      65 |   9.7 |      80 |      21 |  20.8
            +---------+---------+-------+---------+---------+-------
        D:1 |      44 |       7 |  13.7 |      25 |       4 |  13.8
        D:2 |      61 |      23 |  27.4 |      26 |       6 |  18.8
        D:3 |      47 |      35 |  42.7 |      11 |      11 |  50.0
        D:4 |     311 |       0 |   0.0 |      16 |       0 |   0.0
        D:7 |     145 |       0 |   0.0 |       2 |       0 |   0.0
            +---------+---------+-------+---------+---------+-------
